 Dungeon Crawl Stone Soup version 0.30-a0-800-g7c544603b3 (webtiles) character file.

Game seed: 15409988780927778227

669 Ceno the Insei (level 7, -2/43 (46) HPs)
             Began as an Octopode Transmuter on Feb 22, 2023.
             Was a Priest of Cheibriados.
             Slain by a wight
             ... wielding a +3 halberd
              (5 damage)
             ... on level 5 of the Dungeon.
             The game lasted 00:16:45 (4150 turns).

Ceno the Insei (Octopode Transmuter)                Turns: 4150, Time: 00:16:45

HP:   -2/43 (46)    AC:  1    Str: 15    XL:     7   Next: 58%
MP:   10/10         EV: 13    Int: 23    God:    Cheibriados [***...]
Gold: 276           SH:  0    Dex: 19    Spells: 0/10 levels left

rFire   . . .      SeeInvis .      - Unarmed
rCold   . . .      Faith    .    (no shield)
rNeg    . . .      Spirit   .    (helmet currently unavailable)
rPois   .          Reflect  .    c - amulet of magic regeneration
rElec   .          Harm     .    o - ring of willpower
rCorr   .          Rampage  .    (no ring)
Will    +....                    (no ring)
Stlth   ++++                     (no ring)
HPRegen 0.27/turn                (no ring)
MPRegen 0.52/turn                (no ring)
                                 (no ring)
                                 (no ring)

@: appendages (expiring), wereblooded, drained, very slow
A: tentacle spike 3, almost no armour, amphibious, 8 rings, camouflage 1,
gelatinous body 1, (nimble swimmer 1), tentacles
a: End Transformation, Renounce Religion, Bend Time, Temporal Distortion


You were on level 5 of the Dungeon.
You worshipped Cheibriados.
Cheibriados was most pleased with you.
One of your tentacles had grown a beastly spike.
You visited 1 branch of the dungeon, and saw 5 of its levels.
You also visited: Sewer.

You collected 276 gold pieces.

Inventory:

Missiles
 g - 61 stones (quivered)
 p - 10 poisoned darts
 u - 5 datura-tipped darts
Jewellery
 c - an amulet of magic regeneration (around mantle)
 o - a ring of willpower (left tentacle)
Wands
 r - a wand of charming (8)
 t - a wand of flame (17)
Scrolls
 b - 4 scrolls of teleportation
 d - a scroll of vulnerability {unknown}
 e - 2 scrolls of magic mapping
 k - a scroll of noise
 l - a scroll of butterflies {unknown}
 m - 2 scrolls of blinking
 n - a scroll of enchant armour {unknown}
 s - 4 scrolls of fear {unknown}
Potions
 a - a potion of lignification
 f - 3 potions of heal wounds
 h - a potion of attraction
 i - a potion of haste
 j - a potion of might
 q - a potion of brilliance


   Skills:
 + Level 3.1 Fighting
 - Level 2.0 Dodging
 + Level 4.2 Stealth
 + Level 4.9 Unarmed Combat
 - Level 2.0 Spellcasting
 + Level 4.4 Transmutations
 - Level 4.0 Poison Magic


You couldn't memorise any spells.
You knew the following spells:

 Your Spells              Type           Power      Damage    Failure   Level
a - Beastly Appendage     Tmut           44%        N/A       1%          1
b - Wereblood             Tmut           22%        N/A       3%          2
c - Spider Form           Tmut/Pois      21%        N/A       7%          3
d - Ice Form              Ice/Tmut       12%        N/A       45%         4

Your spell library contained the following spells:

 Spells                   Type           Power      Damage    Failure   Level
 Necrotise                Necr           8%         1d4       13%         1
 Tukima's Dance           Hex            2%         N/A       36%         3
 Vampiric Draining        Necr           2%         2d6       36%         3
 Passage of Golubria      Tloc           2%         N/A       77%         4
 Yara's Violent Unravell  Hex/Tmut       6%         3d5       82%         5
 Agony                    Necr           2%         N/A       98%         5


Dungeon Overview and Level Annotations

Branches:
Dungeon (5/15)              Sewer (visited)
 Temple: D:4-7

Altars:
Cheibriados
Gozag
Okawaru
Qazlal
Uskayaw
Xom
The Shining One

Annotations:
D:5 exclusion: ice beast


Innate Abilities, Weirdness & Mutations

One of your tentacles has grown a beastly spike.
You cannot wear most types of armour.
You are amphibious.
You can wear up to eight rings at the same time.
Your skin changes colour to match your surroundings (Stealth+).
Your rubbery body absorbs attacks. (AC +1, EV +1)
((You are camouflaged when in or above water. (Stealth+)))
You have tentacles for arms and can constrict up to eight enemies at once.


Message History

One of your tentacles grows a vicious spike.
The wight hits you with a +4 short sword.
You tentacle-slap the wight. You grab the wight.
You pierce the wight, but do no damage.
You squeeze the wight.
The wight is heavily damaged.
You constrict the wight, but do no damage.
The wight hits you with a +4 short sword.
You tentacle-slap the wight but do no damage.
You pierce the wight, but do no damage.
The wight is heavily damaged.
You constrict the wight.
The wight hits you with a +4 short sword!
You tentacle-slap the wight but do no damage.
You pierce the wight.
The wight is almost destroyed.
You constrict the wight.
The wight hits you with a +4 short sword!
You feel drained.
You are too injured to fight recklessly!
You are too injured to fight recklessly!
You tentacle-slap the wight but do no damage.
You pierce the wight, but do no damage.
The wight is almost destroyed.
Your transformation is almost over.
You constrict the wight. The wight barely misses you.
The wight hits you with a +4 short sword.
You feel drained.
You tentacle-slap the wight.
You feel a bit better.
You destroy the wight!
Cheibriados appreciates the change of pace.
The wight misses you.
Your Fighting skill increases to level 3!
You bludgeon the wight! You grab the wight.
You pierce the wight.
The wight is almost destroyed.
You constrict the wight, but do no damage.
The wight barely misses you.
The wight hits you from afar with a +3 halberd!
* * * LOW HITPOINT WARNING * * *
You feel drained.
You die...

......########.... .......# ..
............ .....#.##### #.
........... .....#.....# #.
#.......... ..####..##'## #.##
#.......... #.##....<..<# #..#
#.......... #.##........#
#.###..........
#..'........######z.............
...#........'...@z..............
...#........############)#######
...#........# #........#
####.......... #........#
#..........# #..........
######.....# #............
......# #..z......... .......#
#............ #.z..........


You could see 2 wights.

Vanquished Creatures
  Sigmund (D:3)
  2 bullfrogs (Sewer)
  A wight (D:5)
  2 hounds (D:4)
  An orc priest (D:4)
  A gnoll (D:1)
  7 adders
  2 river rats (D:3)
  4 worms
  5 dart slugs
  10 orcs
  9 endoplasms
  18 giant cockroaches
  4 hobgoblins
  11 jackals
  6 quokkas
  14 ball pythons
  4 bats
  10 frilled lizards
  3 goblins
  8 kobolds
  2 rats
125 creatures vanquished.

Notes
Turn   | Place    | Note
-------+----------+-------------------------------------------
     0 | D:1      | Ceno the Octopode Transmuter began the quest for the Orb.
     0 | D:1      | Reached XP level 1. HP: 13/13 MP: 3/3
   148 | D:1      | Reached skill level 1 in Poison Magic
   332 | D:1      | Found a faded altar of an unknown god.
   332 | D:1      | Noticed a shining eye
   339 | D:1      | Reached XP level 2. HP: 18/18 MP: 5/5
   339 | D:1      | Noticed a shining eye
   339 | D:1      | Noticed a great orb of eyes
   339 | D:1      | Noticed an eye of devastation
   355 | D:1      | Learned a level 2 spell: Wereblood
   898 | D:1      | Reached XP level 3. HP: 23/23 MP: 6/6
   902 | D:1      | Learned a level 3 spell: Spider Form
  1024 | D:2      | Found a shimmering altar of Xom.
  1265 | D:2      | Reached XP level 4. HP: 24/28 MP: 7/7
  1869 | D:3      | Found a shimmering altar of Xom.
  1875 | D:3      | Found a stormy altar of Qazlal.
  1877 | D:3      | Found a snail-covered altar of Cheibriados.
  1877 | D:3      | Found an opulent altar of Gozag.
  1881 | D:3      | Became a worshipper of Cheibriados the Contemplative
  1884 | D:3      | Found a glowing golden altar of the Shining One.
  2041 | D:3      | Found a glowing drain.
  2062 | Sewer    | Entered a sewer
  2119 | Sewer    | Reached XP level 5. HP: 33/33 MP: 6/8
  2125 | Sewer    | Reached * piety under Cheibriados
  2363 | Sewer    | Reached skill level 1 in Stealth
  2363 | Sewer    | Reached XP level 6. HP: 11/39 MP: 9/9
  2560 | D:3      | Noticed Sigmund
  2575 | D:3      | Killed Sigmund
  2576 | D:3      | Reached XP level 7. HP: 37/45 MP: 10/10
  2714 | D:3      | Found an iron altar of Okawaru.
  2723 | D:3      | Reached ** piety under Cheibriados
  2739 | D:3      | Learned a level 4 spell: Ice Form
  2952 | D:3      | Found a hide-covered altar of Uskayaw.
  4061 | D:5      | Entered Level 5 of the Dungeon
  4130 | D:5      | Reached *** piety under Cheibriados
  4150 | D:5      | Slain by a wight

Illustrated notes

Levels and vault maps discovered:
D:1:      minmay_arrival_four_loops, layout_loops_ring,
          hellmonk_ecumenical_altar_watching_god
D:2:      layout_loops_ring, basic_altar, chequers_serial_rivers_micro_b,
          nicolae_half_adder
D:3:      layout_basic, nicolae_overflow_hallway_of_the_gods,
          nicolae_overflow_crystal_walls, marbit_many_paths, serial_aquarium,
          aquarium_bridge_square [aquarium_subvault_bridge,
          aquarium_subvault_wall, aquarium_subvault_window,
          aquarium_subvault_bridge], aquarium_window_corridor_2,
          aquarium_window_corner, aquarium_window_1, aquarium_view_2b,
          gup_sewer_entry_bubbles, wander_ebering_terrifying_dragon_lair,
          uniq_sigmund
D:4:      layout_loops_cross
D:5:      layout_basic, minmay_temple_entry_wispy, nicolae_eternal_life,
          uniq_pikel

Skill      XL: |  1  2  3  4  5  6  7 |
---------------+----------------------+-----
Poison Magic   | 1 2 3 4 |  4.0
Transmutations | 3 4 |  4.4
Stealth        | 1 3 4 |  4.2
Unarmed Combat | 4 |  4.9
Fighting       | 2 3 |  3.1
Dodging        | |  2.0
Spellcasting   | |  2.0

Action                     |  1- 3 |  4- 6 |  7- 9 || total
---------------------------+-------+-------+-------++-------
  Melee: Unarmed           |    53 |   133 |    71 ||   257
         Kick              |    16 |    42 |    11 ||    69
         Constrict         |    15 |    36 |    10 ||    61
         Punch             |     2 |     5 |     1 ||     8
         Tentacles         |     8 |    22 |     3 ||    33
  Throw: Stone             |     2 |     7 |     6 ||    15
   Cast: Beastly Appendage |    22 |    23 |    15 ||    60
         Wereblood         |       |     8 |     3 ||    11
         Spider Form       |       |     3 |     7 ||    10
Ability: End Transformatio |       |     2 |    10 ||    12
    Use: Scroll            |     4 |     2 |     2 ||     8
   Stab: Sleeping          |     2 |     3 |     2 ||     7
 Armour: Skin              |     4 |     4 |       ||     8
  Dodge: Dodged            |    21 |    57 |    37 ||   115

Table legend: (Time is in decaauts)
 A = Elapsed time spent in this place.
 B = Non-inter-level travel time spent in this place.
 C = Inter-level travel time spent in this place.
 D = Time resting spent in this place.
 E = Time spent auto-exploring this place.
 F = Levels seen in this place.
 G = Mean time per level.
                   A        B        C        D        E       F      G
               +--------+--------+--------+--------+--------+-----+--------+
         Total |   4856 |   4770 |     86 |    477 |   2561 |   6 |  809.3 |
       Dungeon |   4350 |   4264 |     86 |    334 |   2561 |   5 |  870.0 |
         Sewer |    506 |    506 |      0 |    143 |      0 |   1 |  506.0 |
               +--------+--------+--------+--------+--------+-----+--------+

Top non-repeatable levels by time:
     D:3: 1424 daAuts
     D:4: 1077 daAuts
     D:1: 919 daAuts
     D:2: 803 daAuts
   Sewer: 506 daAuts
     D:5: 126 daAuts
